 Dungeon Crawl Stone Soup version 0.23.0 (webtiles) character file.

Game seed: 11199476012639120395

69 tidbits the Charmwright (level 4, 0/38 HPs)
             Began as a Gnoll Skald on Feb 14, 2019.
             Was an Initiate of Cheibriados.
             Killed from afar by Sigmund (5 damage)
             ... with a puff of flame
             ... on level 2 of the Dungeon.
             The game lasted 00:03:55 (322 turns).

tidbits the Charmwright (Gnoll Skald)                Turns: 322, Time: 00:03:56

Health: 0/38       AC:  3    Str: 14    XL:     4   Next: 20%
Magic:  0/11       EV: 14    Int: 18    God:    Cheibriados [......]
Gold:   0          SH:  0    Dex: 15    Spells: 2/13 levels left

rFire    . . .     SeeInvis +   a - +0 spear
rCold    . . .     Gourm    .   (no shield)
rNeg     . . .     Faith    .   b - +0 leather armour
rPois    .         Spirit   .   (no helmet)
rElec    .         Reflect  .   (no cloak)
rCorr    .         Harm     .   (no gloves)
MR       .....                  (no boots)
Stlth    ++........             (no amulet)
HPRegen  0.12/turn              c - ring of see invisible
MPRegen  0.12/turn              (no ring)

@: very slow
A: distributed training, fangs 1, strong nose
a: Bend Time, Renounce Religion


You were on level 2 of the Dungeon.
You worshipped Cheibriados.
Cheibriados was noncommittal.
You were not hungry.

You visited 1 branch of the dungeon, and saw 3 of its levels.

Inventory:

Hand Weapons
 a - a +0 spear (weapon)
 e - a +0 dagger
 g - a +0 hunting sling
Missiles
 f - 34 arrows
Armour
 b - a +0 leather armour (worn)
Jewellery
 c - a ring of see invisible (left hand)
   (You found it on level 1 of the Dungeon)
Comestibles
 d - 3 rations


   Skills:
 + Level 4.6 Fighting
 + Level 1.0 Short Blades
 + Level 1.0 Long Blades
 + Level 1.0 Axes
 + Level 1.0 Maces & Flails
 + Level 4.6 Polearms
 + Level 1.0 Staves
 + Level 1.0 Slings
 + Level 1.0 Bows
 + Level 1.0 Crossbows
 + Level 1.0 Throwing
 + Level 2.7 Armour
 + Level 4.6 Dodging
 + Level 1.0 Stealth
 + Level 1.0 Shields
 + Level 1.0 Unarmed Combat
 + Level 5.0 Spellcasting
 + Level 0.8 Conjurations
 + Level 0.8 Hexes
 + Level 5.4 Charms
 + Level 0.8 Summonings
 + Level 0.8 Necromancy
 + Level 0.8 Translocations
 + Level 0.8 Transmutations
 + Level 0.8 Fire Magic
 + Level 0.8 Ice Magic
 + Level 0.8 Air Magic
 + Level 0.8 Earth Magic
 + Level 0.8 Poison Magic
 + Level 1.1 Invocations
 + Level 1.0 Evocations


You had 2 spell levels left.
You knew the following spells:

 Your Spells              Type           Power        Failure   Level  Hunger
g - Shroud of Golubria    Chrm/Tloc      ###.......   7%          2    #......
i - Infusion              Chrm           ###.         1%          1    None
r - Regeneration          Chrm/Necr      ###.......   14%         3    ##.....
w - Spectral Weapon       Hex/Chrm       ###.....     14%         3    ##.....
y - Song of Slaying       Chrm           ###.....     2%          2    #......

Your spell library contained the following spells:

 Spells                   Type           Power        Failure   Level  Hunger


Dungeon Overview and Level Annotations

Branches:
Dungeon (3/15)

Altars:
Cheibriados

Annotations:
D:2 Sigmund


Innate Abilities, Weirdness & Mutations

Your experience applies equally to all skills.
You have very sharp teeth.
Your uncanny sense of smell can sniff out nearby items.


Message History

You kill the bat!
Cheibriados thoroughly appreciates the change of pace.
Okay, then.
Unknown command.
As you read the scroll labeled VALLEMA MYUTS, it crumbles to dust.
The dust glows dark purple!
It was a scroll of random uselessness.
The rat closely misses you.
You aren't carrying any scrolls.
Unknown command.
Casting: Spectral Weapon (safe; 14% risk of failure)
Confirm with . or Enter, or press ? or * to list all spells.
You miscast Spectral Weapon.
You are very lightly contaminated with residual magic.
Your skin tingles.
The rat bites you but does no damage.
Wield which item (- for none, * to show all)? (? for menu, Esc to quit)
Okay, then.
Unknown command.
You aren't carrying any potions.
Unknown command.
The rat closely misses you.
Sigmund gestures wildly while chanting.
Sigmund flickers and vanishes for a moment.
The rat bites you but does no damage. The rat barely misses you.
Casting: Spectral Weapon (safe; 14% risk of failure)
Confirm with . or Enter, or press ? or * to list all spells.
You draw out your weapon's spirit!
The rat bites you.
* * * LOW HITPOINT WARNING * * *
Sigmund misses you.
You hit the rat.
You kill the rat!
Cheibriados appreciates the change of pace.
Attack whom?
Press: ? - help, Dir - move target cursor, f - Sigmund
Aim: Sigmund, wielding a +1 scythe of flaming and wearing a +0 robe (slightly transparent)
You reach to attack!
You closely miss Sigmund. Sigmund closely misses you.
Attack whom?
Press: ? - help, Dir - move target cursor, f/p - Sigmund
Aim: Sigmund, wielding a +1 scythe of flaming and wearing a +0 robe (slightly transparent)
You reach to attack!
You puncture Sigmund!
Sigmund is moderately wounded.
Attack whom?
Press: ? - help, Dir - move target cursor, f/p - Sigmund
Aim: Sigmund, wielding a +1 scythe of flaming and wearing a +0 robe (moderately wounded, slightly transparent)
You reach to attack!
You barely miss Sigmund.
Sigmund is moderately wounded.
Sigmund casts a spell at you. You resist with some effort.
Attack whom?
Press: ? - help, Dir - move target cursor, f/p - Sigmund
Aim: Sigmund, wielding a +1 scythe of flaming and wearing a +0 robe (moderately wounded, slightly transparent)
You reach to attack!
You hit Sigmund but do no damage.
Sigmund is moderately wounded.
Sigmund barely misses you.
You aren't carrying any scrolls.
Unknown command.
Unknown command.
You aren't carrying any potions.
Unknown command.
Unknown command.
Attack whom?
Press: ? - help, Dir - move target cursor, f/p - Sigmund
Aim: Sigmund, wielding a +1 scythe of flaming and wearing a +0 robe (moderately wounded, slightly transparent)
You reach to attack!
You hit Sigmund.
Sigmund is heavily wounded.
Sigmund hits you from afar with a +1 scythe of flaming.
* * * LOW HITPOINT WARNING * * *
Sigmund burns you.
* * * LOW HITPOINT WARNING * * *
Sigmund gestures at you while chanting.
The puff of flame hits your spectral weapon.
Your spectral weapon resists.
Your spectral weapon shares its damage with you!
* * * LOW HITPOINT WARNING * * *
Sigmund hits your spectral weapon with a +1 scythe of flaming.
Your spectral weapon shares its damage with you!
* * * LOW HITPOINT WARNING * * *
Your magical contamination has completely faded away.
Sigmund gestures wildly while chanting.
Sigmund flickers and vanishes for a moment.
Your spectral weapon fades away.
Sigmund gestures at you while chanting. The magic dart hits you.
* * * LOW HITPOINT WARNING * * *
Unknown command.
Casting: Spectral Weapon (safe; 14% risk of failure)
Confirm with . or Enter, or press ? or * to list all spells.
You draw out your weapon's spirit!
Unknown command.
You aren't carrying any potions.
Unknown command.
Unknown command.
Attack whom?
Press: ? - help, Dir - move target cursor, f/p - Sigmund
Aim: Sigmund, wielding a +1 scythe of flaming and wearing a +0 robe (moderately wounded, slightly transparent)
You reach to attack!
You hit Sigmund but do no damage.
Sigmund is moderately wounded.
Sigmund gestures at you while chanting. The puff of flame hits you.
You die...

.......#...###..###.....
.......†.###....## #####
...<.[.#####.##..#
...($..###...###.#
.......##..### #.#
.......##.## ##.##
.......#..# #...#
########.## #...### #..#
##.@(..#.# ####.##
##........# #....#
##.@.#####....
#....####.._.# ###
#....@.......#
#.....###...## #....##
##### #....# #....#


You could see Sigmund (invisible) and a friendly spectral +0 spear.

Vanquished Creatures
  Jessica (D:2)
  2 adders (D:2)
  A worm (D:2)
  2 dart slugs (D:2)
  A giant cockroach (D:1)
  5 hobgoblins
  A quokka (D:2)
  3 bats (D:2)
  3 kobolds
  2 rats
21 creatures vanquished.

Notes
Turn   | Place    | Note
-------+----------+-------------------------------------------
     0 | D:1      | tidbits the Gnoll Skald began the quest for the Orb.
     0 | D:1      | Reached XP level 1. HP: 20/20 MP: 6/6
    73 | D:1      | Reached XP level 2. HP: 24/26 MP: 2/7
    77 | D:1      | Learned a level 2 spell: Song of Slaying
    80 | D:1      | Learned a level 2 spell: Shroud of Golubria
   135 | D:2      | HP: 5/26 [poisoned by an adder]
   143 | D:2      | HP: 4/26 [poisoned by an adder]
   187 | D:2      | Noticed Jessica
   201 | D:2      | Killed Jessica
   201 | D:2      | Reached skill level 5 in Spellcasting
   201 | D:2      | Reached skill level 1 in Invocations
   201 | D:2      | Reached XP level 3. HP: 25/31 MP: 3/9
   206 | D:2      | Reached skill level 1 in Short Blades
   206 | D:2      | Reached skill level 1 in Long Blades
   206 | D:2      | Reached skill level 1 in Axes
   206 | D:2      | Reached skill level 1 in Maces & Flails
   206 | D:2      | Reached skill level 1 in Staves
   206 | D:2      | Reached skill level 1 in Slings
   206 | D:2      | Reached skill level 1 in Bows
   206 | D:2      | Reached skill level 1 in Crossbows
   206 | D:2      | Reached skill level 1 in Throwing
   206 | D:2      | Reached skill level 1 in Stealth
   206 | D:2      | Reached skill level 1 in Shields
   206 | D:2      | Reached skill level 1 in Unarmed Combat
   206 | D:2      | Reached skill level 1 in Evocations
   206 | D:2      | Reached XP level 4. HP: 19/38 MP: 0/11
   218 | D:2      | Learned a level 3 spell: Regeneration
   222 | D:2      | Learned a level 3 spell: Spectral Weapon
   237 | D:2      | Found a snail-covered altar of Cheibriados.
   244 | D:2      | Became a worshipper of Cheibriados the Contemplative
   277 | D:2      | Noticed Sigmund
   318 | D:2      | HP: 5/38 [Sigmund/magic dart (4)]
   322 | D:2      | Killed from afar by Sigmund

Skill      XL: |  1  2  3 |
---------------+----------+-----
Spellcasting   | 5 |  5.0
Invocations    | 1 |  1.1
Short Blades   | 1 |  1.0
Long Blades    | 1 |  1.0
Axes           | 1 |  1.0
Maces & Flails | 1 |  1.0
Staves         | 1 |  1.0
Slings         | 1 |  1.0
Bows           | 1 |  1.0
Crossbows      | 1 |  1.0
Throwing       | 1 |  1.0
Stealth        | 1 |  1.0
Shields        | 1 |  1.0
Unarmed Combat | 1 |  1.0
Evocations     | 1 |  1.0
Fighting       | |  4.6
Polearms       | |  4.6
Armour         | |  2.7
Dodging        | |  4.6
Conjurations   | |  0.8
Hexes          | |  0.8
Charms         | |  5.4
Summonings     | |  0.8
Necromancy     | |  0.8
Translocations | |  0.8
Transmutations | |  0.8
Fire Magic     | |  0.8
Ice Magic      | |  0.8
Air Magic      | |  0.8
Earth Magic    | |  0.8
Poison Magic   | |  0.8

Action                   |  1- 3 |  4- 6 || total
-------------------------+-------+-------++-------
Melee: Spear             |    37 |    24 ||    61
       Bite              |       |     2 ||     2
 Cast: Infusion          |     4 |       ||     4
       Spectral Weapon   |       |     3 ||     3
       Regeneration      |       |     1 ||     1
  Use: Potion            |     1 |       ||     1
       Scroll            |       |     1 ||     1
Armor: Leather armour    |     6 |     7 ||    13
Dodge: Dodged            |    18 |    25 ||    43

Table legend:
 A = Turns spent in this place as a percentage of turns spent in the entire game.
 B = Non-inter-level travel turns spent in this place as a percentage of non-inter-level travel turns spent in the entire game.
 C = Inter-level travel turns spent in this place as a percentage of turns spent in this place.
 D = Turns resting spent in this place as a percentage of non-inter-level travel turns spent in this place.
 E = Turns spent auto-exploring this place as a percentage of non-inter-level travel turns spent in this place.
 F = Non-inter-level travel turns spent in this place divided by the number of levels of this place that you've seen.
                   A       B       C       D       E      F
               +-------+-------+-------+-------+-------+----------------------
         Total | 100.0 | 100.0 |   0.0 |   0.0 |   0.0 | 107.3
       Dungeon | 100.0 | 100.0 |   0.0 |   0.0 |   0.0 | 107.3
               +-------+-------+-------+-------+-------+----------------------

Table legend:
 A = Kills in this place as a percentage of kills in entire the game.
 B = Kills by you in this place as a percentage of kills by you in the entire game.
 C = Kills by friends in this place as a percentage of kills by friends in the entire game.
 D = Other kills in this place as a percentage of other kills in the entire game.
 E = Experience gained in this place as a percentage of experience gained in the entire game.
 F = Experience gained in this place divided by the number of levels of this place that you have seen.
                   A       B       C       D       E      F
               +-------+-------+-------+-------+-------+----------------------
         Total | 100.0 | 100.0 |   N/A |   N/A | 100.0 |  33.0
       Dungeon | 100.0 | 100.0 |   N/A |   N/A | 100.0 |  33.0
               +-------+-------+-------+-------+-------+----------------------

Levels and vault maps discovered:
D:1:      dpeg_arrival_windows_large_door, layout_loops_ring,
          serial_bayou_lagoon_b
D:2:      layout_rooms, cheibriados_altar_1, uniq_jessica, uniq_sigmund
D:3:      layout_loops_cross, overflow_temple_1_default,
          chequers_ecumenical_altar_simple, evilmike_ruin_ashenzari
